 Dungeon Crawl Stone Soup version 0.27-a0-1291-geefcff550b (webtiles) character file.

Game seed: 3790782267666943775

4945 Sweetruy1997 the Cudgeller (level 10, -3/96 HPs)
             Began as a Troll Berserker on June 16, 2021.
             Was an Elder of Trog.
             Slain by Joseph (10 damage)
             ... on level 8 of the Dungeon.
             The game lasted 00:27:35 (5895 turns).

Sweetruy1997 the Cudgeller (Troll Berserker)        Turns: 5895, Time: 00:27:36

Health: -3/96      AC:  6    Str: 27    XL:     10   Next: 28%
Magic:  9/9        EV: 10    Int:  4    God:    Trog [****..]
Gold:   412        SH: 10    Dex: 11    Spells: 9/9 levels left

rFire    . . .     SeeInvis .   x - +6 mace (vorpal)
rCold    + . .     Faith    .   i - +0 kite shield
rNeg     + . .     Spirit   .   a - +2 animal skin
rPois    .         Reflect  .   (helmet restricted)
rElec    .         Harm     .   (no cloak)
rCorr    .         Rampage  .   (gloves unavailable)
Will     .....                  (boots unavailable)
Stlth    ++........             (no amulet)
HPRegen  1.26/turn              h - ring of positive energy
MPRegen  0.11/turn              j - ring of protection from cold

@: no status effects
A: large, unfitting armour, claws 3, regeneration 1, shaggy fur 1, tough skin 1
a: Renounce Religion, Berserk, Trog's Hand, Brothers in Arms


You were on level 8 of the Dungeon.
You worshipped Trog.
Trog was greatly pleased with you.
You visited 2 branches of the dungeon, and saw 9 of its levels.

You collected 412 gold pieces.

Inventory:

Hand Weapons
 x - a +6 vorpal mace (weapon)
Missiles
 y - 5 boomerangs (quivered)
Armour
 a - a +2 animal skin (worn)
 i - a +0 kite shield (worn)
Jewellery
 h - a ring of positive energy (left claw)
 j - a ring of protection from cold (right claw)
 D - a ring of see invisible
Wands
 k - a wand of flame (11)
 t - a wand of polymorph (10)
Scrolls
 b - a scroll of amnesia {unknown}
 f - 5 scrolls of teleportation
 g - 2 scrolls of fog
 m - a scroll of vulnerability {unknown}
 n - a scroll of blinking
 o - 4 scrolls of fear
 u - a scroll of holy word {unknown}
 w - a scroll of noise {unknown}
 A - a scroll of silence {unknown}
 C - a scroll of acquirement {unknown}
Potions
 c - a potion of flight
 d - a potion of attraction {unknown}
 e - 4 potions of curing
 l - 4 potions of mutation {unknown}
 p - 3 potions of heal wounds
 q - a potion of cancellation {unknown}
 r - 3 potions of brilliance {unknown}
 s - a potion of lignification {unknown}
 v - a potion of invisibility {unknown}
 z - a potion of resistance {unknown}
 B - a potion of might {unknown}
 E - a potion of haste {unknown}


   Skills:
 - Level 5.0 Fighting
 + Level 7.3 Maces & Flails
 - Level 3.0 Throwing
 - Level 5.0 Dodging
 - Level 2.0 Stealth
 + Level 5.3 Shields
 - Level 7.1 Unarmed Combat
 + Level 0.1 Evocations


You had 9 spell levels left.
You didn't know any spells.
Your spell library was empty.

Dungeon Overview and Level Annotations

Branches:
Dungeon (8/15)             Temple (1/1) D:4            Lair (0/6) D:8

Altars:
Ashenzari
Cheibriados
Dithmenos
Elyvilon
Fedhas
Gozag
Kikubaaqudgha
Makhleb
Nemelex Xobeh
Okawaru
Qazlal
Ru
Sif Muna
Trog
Uskayaw
Vehumet
Wu Jian
Xom
Yredelemnul
Zin
The Shining One

Shops:
D:4 =

Annotations:
D:8 Joseph


Innate Abilities, Weirdness & Mutations

You are too large for most types of armour.
You have claws for hands.
Your natural rate of healing is unusually fast.
You are covered in fur. (AC +1)
You have tough skin. (AC +1)


Message History

Joseph shoots a sling bullet.
You block the sling bullet. Something completely misses you.
You closely miss something. You block something's attack.
You hit something.
Joseph shoots a sling bullet.
Reactivating autopickup.
You feel a bit more experienced.
Joseph shoots a sling bullet.
The sling bullet hits you!
Joseph unwields a +0 hunting sling.
Joseph wields a +4 quarterstaff of speed.
Joseph hits you with a +4 quarterstaff of speed.
Items here: )) [[ †.
Your shield prevents you from hitting Joseph.
You block Joseph's attack.
You thump Joseph!
Joseph is moderately wounded.
Joseph hits you with a +4 quarterstaff of speed.
Joseph closely misses you.
You barely miss Joseph.
Joseph is moderately wounded.
You block Joseph's attack.
You hit Joseph.
Joseph is moderately wounded.
Joseph hits you with a +4 quarterstaff of speed!
You block Joseph's attack.
You sock Joseph!
Joseph is heavily wounded.
You block Joseph's attack.
Joseph hits you with a +4 quarterstaff of speed!
* * * LOW HITPOINT WARNING * * *
You hit Joseph.
Joseph is heavily wounded.
You block Joseph's attack.
Joseph hits you with a +4 quarterstaff of speed!
* * * LOW HITPOINT WARNING * * *
You closely miss Joseph.
Joseph is heavily wounded.
Joseph hits you with a +4 quarterstaff of speed!
* * * LOW HITPOINT WARNING * * *
Joseph hits you with a +4 quarterstaff of speed!
You die...

#.....# ######.....#
...........#
...........# .
...........######..#
.o..................
...................P
......#@###.###..P..
.o..@ #@# #.........
#'## #.# #.#....P......
# #####.###.....P.......
#....>........P.......
#.###.####.......(..P.
#.#......P......>.
#######.#.##....P.......
............P.P.........
#######.#.###)P..P...)..


You could see Joseph.

Vanquished Creatures
  A deep elf zephyrmancer (D:6)
  Pikel (D:4)
  The ghost of dickylongcocking the Magician, an amateur DjFE of Xom (D:3)
  Menkaure (D:5)
  5 water moccasins
  A swamp drake (D:5)
  2 sky beasts
  An orc warrior (D:6)
  2 black bears (D:8)
  An ice beast (D:6)
  6 ogres
  3 centaurs
  2 kobold brigands
  A gnoll sergeant (D:7)
  6 bullfrogs (D:8)
  2 scorpions
  4 killer bees (D:7)
  A centaur zombie (D:5)
  A bullfrog zombie (D:6)
  2 hounds (D:5)
  6 jellies
  A gnoll shaman (D:6)
  3 orc priests
  2 centaur skeletons
  2 bullfrog skeletons (D:3)
  A scorpion zombie (D:5)
  An iguana (D:3)
  3 orc wizards
  A statue (D:5)
  3 howler monkey zombies
  17 gnolls
  9 adders
  A worm (D:2)
  2 dart slugs
  14 orcs
  6 ball pythons
  12 endoplasms
  3 giant cockroaches
  8 goblins
  3 hobgoblins
  2 jackals (D:3)
  3 quokkas
  7 bats
  5 frilled lizards
  17 kobolds
  A quokka skeleton (D:4)
  4 rats
181 creatures vanquished.

Vanquished Creatures (others)
  An orc wizard (D:8)
  48 fungi (D:8)
  33 plants (D:8)
82 creatures vanquished.

Grand Total: 263 creatures vanquished

Notes
Turn   | Place    | Note
-------+----------+-------------------------------------------
     0 | D:1      | Sweetruy1997 the Troll Berserker began the quest for the
                  | Orb.
     0 | D:1      | Reached XP level 1. HP: 22/22 MP: 0/0
   133 | D:1      | Reached XP level 2. HP: 29/29 MP: 1/1
   955 | D:2      | Reached XP level 3. HP: 36/36 MP: 2/2
  1057 | D:2      | Reached ** piety under Trog
  1058 | D:2      | Reached XP level 4. HP: 44/44 MP: 3/3
  1417 | D:3      | Found a transporter.
  1418 | D:3      | Noticed dickylongcocking's ghost (amateur DjFE)
  1505 | D:3      | Reached XP level 5. HP: 44/53 MP: 4/4
  1837 | D:3      | Reached skill level 1 in Stealth
  1867 | D:3      | Found a transporter.
  1894 | D:3      | Killed dickylongcocking's ghost
  1895 | D:3      | Reached XP level 6. HP: 61/61 MP: 5/5
  1901 | D:3      | Reached skill level 5 in Unarmed Combat
  1993 | D:4      | Found a blossoming altar of Fedhas.
  2285 | D:4      | Found a staircase to the Ecumenical Temple.
  2309 | Temple   | Entered the Ecumenical Temple
  2596 | D:4      | Reached *** piety under Trog
  2663 | D:4      | Found Cepif's Jewellery Emporium.
  2957 | D:4      | Noticed Pikel
  2975 | D:4      | Killed Pikel
  2976 | D:4      | Reached skill level 1 in Shields
  2976 | D:4      | Reached XP level 7. HP: 9/70 MP: 6/6
  3067 | D:4      | Reached XP level 8. HP: 72/78 MP: 7/7
  3136 | D:5      | Entered Level 5 of the Dungeon
  3389 | D:5      | Found a shadowy altar of Dithmenos.
  3396 | D:5      | Noticed Menkaure
  3410 | D:5      | Killed Menkaure
  3538 | D:5      | Found a radiant altar of Vehumet.
  3727 | D:5      | Reached skill level 1 in Maces & Flails
  3727 | D:5      | Reached skill level 5 in Dodging
  4131 | D:6      | Reached XP level 9. HP: 87/87 MP: 8/8
  4171 | D:6      | Reached skill level 1 in Throwing
  4246 | D:6      | Reached skill level 5 in Fighting
  4410 | D:6      | HP: 4/132 [gnoll (14)]
  4410 | D:6      | HP: 1/132 [gnoll (3)]
  4771 | D:6      | Noticed a deep elf zephyrmancer
  4786 | D:6      | Killed a deep elf zephyrmancer
  4787 | D:6      | Reached skill level 5 in Maces & Flails
  5099 | D:7      | Reached **** piety under Trog
  5674 | D:8      | Reached XP level 10. HP: 96/96 MP: 9/9
  5679 | D:8      | Found an ornate altar of the Wu Jian Council.
  5679 | D:8      | Found an opulent altar of Gozag.
  5745 | D:8      | Reached skill level 5 in Shields
  5804 | D:8      | Found a staircase to the Lair.
  5863 | D:8      | Noticed Joseph
  5895 | D:8      | Slain by Joseph

Illustrated notes

Levels and vault maps discovered:
D:1:      grunt_arrival_crossed_arrows, layout_loops_ring,
          minmay_misc_feat_doors
D:2:      layout_rooms, minmay_randomly_rotated_circles
D:3:      layout_basic, gammafunk_ghost_mausoleum
D:4:      layout_gridville, overflow_temple_1_default,
          minmay_temple_entry_junction, serial_shops, nicolae_shop_behind_doors,
          dk_noncrumbling_3, minmay_misc_feat_columns, uniq_pikel
D:5:      kennysheep_six_static_rooms, layout_basic, vehumet_statue,
          nicolae_dithmenos_the_darkroom, uniq_menkaure
D:6:      layout_gridville, guppyfry_early_elven_hall
D:7:      layout_loops_ring
D:8:      layout_basic, gammafunk_temple_overflow_pools,
          due_lair_maze_entry_diamond, uniq_prince_ribbit1, uniq_joseph,
          uniq_gastronok
Temple:   nicolae_temple_elliptical

Skill      XL: |  1  2  3  4  5  6  7  8  9 10 |
---------------+-------------------------------+-----
Dodging        | 3 4 5 |  5.0
Unarmed Combat | 4 6 7 |  7.1
Fighting       | 3 4 5 |  5.0
Stealth        | 1 2 |  2.0
Shields        | 1 2 4 5 |  5.3
Maces & Flails | 3 6 7 |  7.3
Throwing       | 3 |  3.0
Evocations     | |  0.1

Action                   |  1- 3 |  4- 6 |  7- 9 | 10-12 || total
-------------------------+-------+-------+-------+-------++-------
Melee: Unarmed           |    69 |   147 |    24 |       ||   240
       Punch             |       |     1 |       |       ||     1
       Mace              |       |       |   189 |    70 ||   259
Throw: Boomerang         |       |       |    65 |    16 ||    81
       Throwing net      |       |       |     4 |       ||     4
Invok: Berserk           |     1 |     2 |     2 |     1 ||     6
       Trog's Hand       |       |     1 |     1 |     1 ||     3
Evoke: Wand              |       |       |     1 |     2 ||     3
  Use: Scroll            |     5 |       |     8 |       ||    13
       Potion            |       |     1 |     1 |       ||     2
 Stab: Sleeping          |     2 |     2 |     2 |       ||     6
       Confused          |       |       |     1 |       ||     1
Armor: Animal skin       |    25 |    45 |    71 |    32 ||   173
Dodge: Dodged            |    36 |    65 |    92 |    28 ||   221
Block: Kite shield       |       |    29 |   122 |    42 ||   193

Table legend: (Time is in decaauts)
 A = Elapsed time spent in this place.
 B = Non-inter-level travel time spent in this place.
 C = Inter-level travel time spent in this place.
 D = Time resting spent in this place.
 E = Time spent auto-exploring this place.
 F = Levels seen in this place.
 G = Mean time per level.
                   A        B        C        D        E       F      G
               +--------+--------+--------+--------+--------+-----+--------+
         Total |   6055 |   5810 |    245 |    577 |   3877 |   9 |  672.8 |
       Dungeon |   5865 |   5646 |    219 |    577 |   3715 |   8 |  733.1 |
        Temple |    189 |    163 |     26 |      0 |    162 |   1 |  189.0 |
               +--------+--------+--------+--------+--------+-----+--------+

Top non-repeatable levels by time:
     D:5: 1015 daAuts
     D:4: 995 daAuts
     D:6: 842 daAuts
     D:7: 731 daAuts
     D:3: 712 daAuts
     D:1: 694 daAuts
     D:2: 563 daAuts
     D:8: 311 daAuts
  Temple: 189 daAuts
